Map: Eternal Empire LE

Players

Erik - Winner!

  • Race: Zerg Zerg
  • Spawn Location: 1:00

Cham

  • Race: Zerg Zerg
  • League: Grandmaster
  • Spawn Location: 7:00

Event: DreamHack SC2 Masters 2020 Fall

VOD

Have the link to the VOD?

Description

Time

  • Played on: Aug. 28, 2020, 3:19 p.m.
  • Length: 15:36

All games in this series

Show
View Real Time Build Order
Export as new Build Order

Erik Zerg - Winner!

Build Orders: Hatch First, Lurkers 

Get SALT Encoding   

  12  0:00  Drone  
  13  0:08  Drone  
  14  0:15  Drone, Extractor  
  15  0:37  Hatchery  
  15  0:41  Extractor  
  13  0:43  Drone  
  13  0:48  Overlord  
  15  1:04  Spawning Pool  
  14  1:07  Drone  
  14  1:10  Drone  
  16  1:14  Extractor  
  16  1:16  Drone  
  16  1:20  Drone  
  17  1:28  Drone  
  18  1:39  Drone  
  19  1:50  Queen x2  
  19  1:52  Drone  
  24  1:56  Zergling x2  
  24  1:59  Drone  
  26  2:05  Overlord  
  26  2:11  Drone  
  26  2:12  Drone  
  28  2:17  Metabolic Boost  
  28  2:24  Drone  
  28  2:25  Drone  
  30  2:32  Drone  
  30  2:33  Drone  
  32  2:43  Overlord  
  32  2:45  Overlord  
  31  2:59  Zergling x2  
  31  3:00  Zergling x6  
  31  3:02  Zergling x2  
  31  3:03  Zergling x6  
  39  3:08  Lair  
  39  3:09  Drone x2  
  41  3:15  Baneling Nest  
  41  3:18  Extractor  
  39  3:20  Extractor  
  39  3:23  Overlord  
  39  3:24  Drone  
  39  3:29  Zergling x2  
  39  3:31  Drone x2  
  39  3:32  Drone  
  43  3:34  Drone  
  43  3:39  Drone x2  
  46  3:51  Drone  
  46  3:53  Drone x2  
  48  3:56  Extractor  
  48  3:59  Baneling x2  
  46  4:03  Zergling x4  
  46  4:08  Spine Crawler  
  45  4:11  Spire  
  45  4:12  Baneling  
  45  4:13  Baneling  
  45  4:16  Drone x2  
  43  4:26  Overlord  
  43  4:30  Zergling x8  
  47  4:33  Drone  
  47  4:37  Drone x2  
  50  4:40  Drone  
  51  4:50  Drone x2  
  51  4:51  Drone x3  
  55  5:06  Overlord  
  55  5:09  Hatchery  
  53  5:22  Overlord  
  53  5:25  Mutalisk  
  53  5:26  Mutalisk x3  
  60  5:32  Baneling x2  
  60  5:33  Mutalisk  
  62  5:39  Mutalisk x2  
  66  5:50  Baneling  
  66  5:51  Baneling  
  64  5:58  Zergling x16  
  72  6:05  Zerg Flyer Weapons Level 1  
  72  6:12  Drone x2  
  72  6:16  Drone  
  74  6:30  Mutalisk x5  
  70  6:46  Mutalisk x2  
  70  6:56  Zergling x4  
  70  6:57  Zergling x8  
  72  7:04  Zergling x4  
  74  7:09  Queen  
  74  7:14  Zergling x4  
  78  7:19  Evolution Chamber  
  78  7:22  Baneling x3  
  77  7:26  Drone x2  
  79  7:32  Hydralisk Den  
  82  7:37  Drone x2  
  81  7:45  Drone  
  81  7:46  Drone x2  
  81  7:51  Overlord x2  
  82  8:03  Hatchery  
  81  8:06  Overlord  
  81  8:10  Zergling x2, Lurker Den  
  81  8:11  Zergling x6  
  79  8:25  Zerg Melee Weapons Level 1  
  75  8:28  Zergling x6  
  75  8:29  Zergling x8  
  75  8:31  Baneling  
  75  8:32  Baneling x2  
  75  8:33  Hatchery  
  80  8:57  Hatchery  
  80  8:58  Hydralisk x6  
  91  9:13  Drone x3  
  91  9:15  Overseer  
  91  9:16  Drone x3  
  97  9:18  Drone  
  98  9:26  Lurker x6  
  102  9:35  Drone x6  
  99  9:42  Hydralisk  
  99  9:45  Hydralisk x3  
  102  9:50  Drone  
  103  9:58  Infestation Pit  
  101  10:08  Drone x3  
  101  10:12  Lurker x4  
  108  10:14  Extractor  
  108  10:15  Extractor  
  105  10:32  Drone x4  
  105  10:33  Drone x2  
  109  10:38  Drone x7, Queen  
  113  10:46  Hive  
  113  10:55  Zerg Melee Weapons Level 2  
  113  10:57  Zergling x2  
  113  10:59  Overlord x3  
  114  11:06  Baneling x4  
  114  11:14  Evolution Chamber  
  113  11:30  Zergling x26  
  126  11:33  Baneling x2  
  126  11:36  Hatchery  
  120  11:58  Seismic Spines  
  120  11:59  Zerg Missile Weapons Level 1  
  120  12:02  Drone x6  
  120  12:08  Hydralisk x4  
  123  12:25  Hydralisk x5  
  123  12:26  Hydralisk  
  133  12:33  Zergling x2  
  133  12:34  Zergling x8  
  133  12:35  Overlord  
  138  12:48  Lurker x4  
  136  12:55  Adaptive Talons  
  136  12:57  Lurker x6  
  134  13:00  Zergling x20  
  144  13:06  Drone x2  
  146  13:19  Hydralisk x3  
  152  13:30  Unknown  
  152  13:31  Burrow, Drone x2  
  148  13:39  Overlord x2  
  148  13:44  Drone  
  148  13:45  Drone  
  150  13:49  Overlord  
  150  13:50  Hydralisk  
  142  13:59  Mutalisk x6  
  142  14:00  Mutalisk x2  
  155  14:04  Lurker  
  156  14:14  Zergling x22  
  165  14:19  Lurker x2  
  159  14:26  Zergling x8  
  150  14:49  Zergling x16  
  143  14:59  Mutalisk x4  
  141  15:18  Hatchery  
Show
View Real Time Build Order
Export as new Build Order

Cham Zerg 

Build Orders: Hatch First 

Get SALT Encoding   

  12  0:00  Drone  
  13  0:08  Drone  
  14  0:16  Overlord  
  14  0:35  Drone x2  
  16  0:48  Hatchery  
  15  0:51  Drone  
  16  1:05  Spawning Pool  
  16  1:09  Drone  
  16  1:11  Extractor  
  16  1:14  Drone  
  16  1:18  Drone  
  17  1:27  Drone  
  18  1:35  Drone  
  19  1:51  Overlord  
  19  1:54  Queen  
  19  2:00  Queen  
  19  2:01  Zergling x2  
  24  2:03  Zergling x2  
  25  2:10  Drone  
  25  2:11  Drone  
  25  2:14  Drone  
  28  2:21  Metabolic Boost  
  28  2:23  Drone  
  28  2:26  Drone  
  30  2:40  Hatchery  
  29  2:46  Baneling Nest  
  28  2:55  Zergling x8  
  31  2:59  Drone  
  31  3:03  Drone  
  31  3:05  Overlord  
  33  3:09  Drone  
  33  3:12  Zergling x2  
  35  3:25  Zergling x2  
  35  3:26  Drone x2  
  38  3:27  Zergling x2  
  38  3:28  Zergling x4  
  38  3:29  Baneling  
  41  3:37  Zergling x2  
  41  3:40  Zergling x2  
  43  3:42  Baneling x2  
  44  3:48  Zergling x2  
  44  3:50  Overlord  
  44  3:53  Zergling x4  
  46  3:56  Drone  
  46  3:57  Drone x3  
  50  4:08  Drone x3  
  53  4:14  Roach Warren  
  53  4:15  Overlord  
  52  4:23  Drone x2  
  52  4:29  Drone x3  
  55  4:32  Queen  
  55  4:34  Evolution Chamber  
  55  4:35  Drone  
  55  4:38  Drone  
  58  4:40  Drone  
  58  4:43  Drone x3  
  62  4:50  Evolution Chamber  
  62  4:52  Overlord  
  56  4:59  Overlord  
  56  5:01  Zerg Ground Armor Level 1  
  56  5:03  Drone  
  56  5:04  Zergling x6  
  60  5:07  Zergling x2  
  60  5:09  Zergling x4  
  60  5:12  Drone  
  64  5:15  Drone  
  64  5:16  Drone  
  64  5:18  Zerg Melee Weapons Level 1  
  66  5:21  Extractor  
  66  5:22  Lair  
  66  5:26  Drone x3  
  66  5:27  Overlord  
  68  5:29  Zergling x4  
  68  5:30  Zergling x2  
  71  5:36  Drone  
  71  5:38  Zergling x2  
  71  5:39  Overlord  
  71  5:42  Drone  
  74  5:44  Overlord  
  74  5:45  Zergling x6  
  75  5:52  Queen  
  75  5:53  Queen  
  75  5:54  Zergling x6  
  81  6:03  Spore Crawler  
  79  6:04  Spore Crawler  
  79  6:06  Zergling x8  
  82  6:11  Spore Crawler  
  82  6:12  Zergling x8  
  82  6:14  Zergling x2  
  84  6:20  Zergling x2  
  84  6:21  Spore Crawler  
  84  6:24  Zergling x4  
  84  6:25  Zergling x2  
  86  6:26  Zergling x2  
  86  6:28  Pneumatized Carapace  
  86  6:31  Baneling  
  86  6:32  Baneling  
  81  6:37  Zergling x2  
  81  6:38  Zergling x12  
  81  6:39  Zergling x6  
  80  6:41  Zergling x4  
  80  6:44  Zergling x2  
  80  6:46  Zergling x4  
  80  6:51  Zergling x2  
  77  6:54  Queen  
  77  6:58  Infestation Pit  
  77  6:59  Zergling x4  
  77  7:00  Zergling x2  
  78  7:08  Drone  
  78  7:10  Drone x2  
  78  7:11  Drone x2  
  78  7:14  Drone  
  82  7:16  Drone  
  82  7:18  Drone  
  84  7:23  Drone  
  84  7:26  Drone, Queen x2  
  84  7:28  Drone  
  89  7:31  Zerg Ground Armor Level 2  
  89  7:36  Extractor  
  89  7:37  Extractor  
  84  7:38  Zergling x4  
  84  7:39  Zergling x4  
  84  7:43  Zergling x6  
  84  7:44  Zergling x2  
  90  7:51  Spore Crawler  
  90  7:53  Zerg Melee Weapons Level 2  
  90  7:57  Zergling x10  
  89  8:04  Pathogen Glands  
  91  8:06  Spore Crawler  
  91  8:07  Zergling x2  
  91  8:17  Zergling x2  
  86  8:21  Zergling x2  
  86  8:22  Zergling x16  
  86  8:23  Drone  
  86  8:27  Drone  
  91  8:31  Hive  
  91  8:33  Extractor  
  91  8:34  Queen, Extractor  
  87  8:38  Zergling x6  
  87  8:40  Zergling x2  
  79  9:03  Drone x4  
  79  9:04  Drone x6  
  79  9:06  Infestor  
  79  9:08  Spore Crawler x2  
  79  9:09  Baneling  
  89  9:13  Spore Crawler  
  88  9:17  Zergling x4  
  88  9:20  Zergling x4  
  88  9:21  Zergling x2  
  92  9:27  Zergling x2, Baneling x2  
  92  9:34  Zergling x2  
  92  9:35  Zergling x2  
  92  9:37  Zergling x4  
  89  9:39  Zergling x2  
  89  9:41  Zergling x12  
  89  9:42  Zergling x2  
  94  9:46  Extractor  
  94  9:49  Ultralisk Cavern  
  89  9:53  Drone x2  
  89  9:55  Spore Crawler  
  89  9:57  Infestor, Spore Crawler  
  86  10:07  Zerg Ground Armor Level 3  
  85  10:15  Zergling x12  
  85  10:20  Drone x2  
  84  10:29  Viper x4  
  92  10:42  Chitinous Plating  
  88  10:53  Drone x3  
  91  11:02  Baneling x4  
  91  11:03  Zergling x4, Hatchery  
  92  11:05  Spore Crawler  
  92  11:11  Drone x6  
  92  11:17  Zerg Melee Weapons Level 3  
  97  11:39  Drone x3  
  89  11:40  Drone x5  
  89  11:46  Extractor  
  90  11:48  Spore Crawler  
  90  11:53  Unknown  
  88  11:56  Drone x3  
  88  12:00  Extractor, Anabolic Synthesis  
  90  12:01  Ultralisk  
  96  12:08  Overlord  
  96  12:09  Overlord  
  90  12:28  Ultralisk x2  
  102  12:34  Ultralisk  
  102  12:35  Zergling x10  
  110  12:50  Zergling x8, Ultralisk  
  119  13:03  Zergling x2  
  120  13:06  Baneling x2  
  120  13:11  Overseer  
  120  13:18  Overlord x4  
  120  13:21  Overlord  
  120  13:32  Overlord  
  120  13:43  Zergling x18  
  120  13:45  Hatchery  
  117  14:03  Ultralisk x3  
  134  14:19  Hatchery  
  134  14:23  Overseer x2  
  127  14:24  Zergling x4, Ultralisk  
  127  14:27  Zergling x12  
  101  14:55  Zergling x10, Ultralisk  
  103  15:03  Zergling x4  
  104  15:09  Zergling x2  
  104  15:13  Overseer  
  105  15:17  Zergling x2  

Tags
 
Add a new tag
Caveats
  • Supply blocks, unpowered buildings, or Contaminate may cause inaccurate times.
  • Supply counts are checked every 10 seconds.